 Dungeon Crawl Stone Soup version 0.30-a0-860-g512cf1e979 (webtiles) character file.

Game seed: 1488632330079935153

136 hellse the Sneak (level 5, -13/38 HPs)
             Began as an Octopode Delver on Mar 8, 2023.
             Mangled by a wraith (15 damage)
             ... in an ossuary.
             The game lasted 00:03:06 (1149 turns).

hellse the Sneak (Octopode Delver)                  Turns: 1149, Time: 00:03:07

Health: -13/38     AC:  1    Str: 11    XL:     5   Next: 19%
Magic:  5/5        EV: 13    Int: 13    God:
Gold:   19         SH:  0    Dex: 15    Spells: 4/4 levels left

rFire   . . .      SeeInvis .    a - +0 short sword
rCold   . . .      Faith    .    (no shield)
rNeg    . . .      Spirit   .    (helmet restricted)
rPois   .          Reflect  .    (no amulet)
rElec   .          Rampage  .    (no ring)
rCorr   .                        (no ring)
Will    .....                    (no ring)
Stlth   ++++                     (no ring)
HPRegen 0.26/turn                (no ring)
MPRegen 0.09/turn                (no ring)
                                 (no ring)
                                 (no ring)

@: slowed, very slow
A: almost no armour, amphibious, 8 rings, camouflage 1, gelatinous body 1,
(nimble swimmer 1), tentacles
a: no special abilities


You were in an ossuary.
You visited 1 branch of the dungeon, and saw 3 of its levels.
You also visited: Ossuary.

You collected 19 gold pieces.

Inventory:

Hand Weapons
 a - a +0 short sword (weapon)
Wands
 f - a wand of digging (3)
Scrolls
 b - 2 scrolls of fog
 c - 3 scrolls of identify {unknown}
 d - 3 scrolls of fear
 g - a scroll of silence {unknown}
 i - a scroll of vulnerability {unknown}
 j - a scroll of noise {unknown}
 l - a scroll of immolation {unknown}
Potions
 e - a potion of haste
 h - 3 potions of heal wounds {unknown}
 k - a potion of resistance {unknown}
 m - a potion of curing {unknown}


   Skills:
 + Level 4.8 Fighting
 - Level 3.5 Short Blades
 - Level 2.0 Dodging
 - Level 6.6 Stealth


You had 4 spell levels left.
You didn't know any spells.
Your spell library was empty.

Dungeon Overview and Level Annotations

Branches:
Dungeon (6/15)            Ossuary (1/1)
 Temple: D:4-7

Altars:
Nemelex Xobeh
Yredelemnul

Shops:
D:5 (

Annotations:
D:5 Ijyb


Innate Abilities, Weirdness & Mutations

You cannot wear most types of armour.
You are amphibious.
You can wear up to eight rings at the same time.
Your skin changes colour to match your surroundings (Stealth+).
Your rubbery body absorbs attacks. (AC +1, EV +1)
((You are camouflaged when in or above water. (Stealth+)))
You have tentacles for arms and can constrict up to eight enemies at once.


Message History

m - a lumpy golden potion
There is an open door here.
You open the door.
A wraith comes into view.
Found a glowing grey potion.
A wraith is nearby!
There is an open door here.
The helpless wraith fails to defend itself.
You impale the wraith!! You squeeze the wraith.
The wraith is severely damaged.
The wraith hits you! The wraith drains your vigour!
You feel yourself slow down.
You hit the wraith but do no damage.
The wraith is severely damaged.
The wraith hits you.
You closely miss the wraith. Your squeeze misses the wraith.
The wraith is severely damaged.
The wraith hits you! The wraith drains your vigour!
You feel as though you will be slow longer.
You are too injured to fight recklessly!
You are too injured to fight recklessly!
You are too injured to fight recklessly!
You are too injured to fight recklessly!
You completely miss the wraith.
The wraith is severely damaged.
The wraith hits you. The wraith hits you!
* * * LOW HITPOINT WARNING * * *
The wraith drains your vigour!
You feel as though you will be slow longer.
Okay, then.
Okay, then.
Sorry, you're not good enough to have a special ability.
Okay, then.
You barely miss the wraith.
The wraith is severely damaged.
The wraith completely misses you.
You barely miss the wraith.
The wraith is severely damaged.
The wraith hits you!
You die...

#.....................
#.............#.#.....
#..####.......#+#.....
#..#.'....8...# #...8.
#..####.......###.....
#.....................
#........#.#..#.#..#.#
#..####..#'#..#+#..#+#
#..#W@...#.#..# #..# #
#..####..###..###..###
.................
.................
#################


You could see a wraith.

Vanquished Creatures
  An elf zombie (Ossuary)
  3 mummies (Ossuary)
  An adder (D:5)
  An ufetubus (D:5)
  A worm (D:4)
  An orc (D:5)
  An endoplasm (D:4)
  A gnoll zombie (Ossuary)
  A goblin (D:4)
  2 hobgoblins (D:4)
  A kobold (D:4)
  A quokka (D:5)
  4 goblin zombies
  3 hobgoblin zombies (Ossuary)
  3 kobold zombies (Ossuary)
25 creatures vanquished.

Notes
Turn   | Place    | Note
-------+----------+-------------------------------------------
     0 | D:5      | hellse the Octopode Delver began the quest for the Orb.
     0 | D:5      | Reached XP level 1. HP: 16/16 MP: 1/1
   110 | D:5      | Reached XP level 2. HP: 21/21 MP: 2/2
   132 | D:5      | Found a sparkling altar of Nemelex Xobeh.
   225 | D:6      | Noticed a phantom
   260 | D:6      | Noticed an ogre
   262 | D:6      | Noticed a centaur
   293 | D:5      | Noticed a scorpion
   319 | D:5      | Found a basalt altar of Yredelemnul.
   348 | D:5      | Found Taib's Weapon Shoppe.
   352 | D:5      | Noticed Ijyb
   467 | D:4      | Reached XP level 3. HP: 17/26 MP: 3/3
   686 | D:4      | Found a sand-covered staircase.
   697 | Ossuary  | Entered an ossuary
   697 | Ossuary  | Noticed a wraith
   697 | Ossuary  | Noticed a wraith
   697 | Ossuary  | Noticed a wraith
   772 | Ossuary  | Reached XP level 4. HP: 16/34 MP: 4/4
   927 | Ossuary  | Reached XP level 5. HP: 20/38 MP: 5/5
  1142 | Ossuary  | Noticed a wraith
  1147 | Ossuary  | HP: 1/38 [wraith (12)]
  1149 | Ossuary  | Mangled by a wraith

Illustrated notes

Levels and vault maps discovered:
D:4:      layout_gridville, minmay_temple_entry_proselytizer, enter_ossuary_4
D:5:      layout_basic, mainiacjoe_overflow_six_doors_small,
          mainiacjoe_overflow_alcove_1, serial_shops,
          nicolae_shop_bloodbath_and_beyond, hangedman_minor_gate_pass,
          uniq_ijyb
D:6:      layout_basic
Ossuary:  ossuary_kennysheep_city_of_the_dead

Skill      XL: |  1  2  3 |
---------------+----------+-----
Short Blades   | 3 |  3.5
Fighting       | 4 |  4.8
Dodging        | |  2.0
Stealth        | |  6.6

Action                     |  1- 3 |  4- 6 || total
---------------------------+-------+-------++-------
  Melee: Short sword       |    36 |    33 ||    69
         Tentacles         |     9 |    14 ||    23
         Constrict         |     7 |     7 ||    14
         Punch             |       |     1 ||     1
    Use: Scroll            |     2 |       ||     2
   Stab: Sleeping          |     8 |     2 ||    10
  Dodge: Dodged            |    12 |    11 ||    23

Table legend: (Time is in decaauts)
 A = Elapsed time spent in this place.
 B = Non-inter-level travel time spent in this place.
 C = Inter-level travel time spent in this place.
 D = Time resting spent in this place.
 E = Time spent auto-exploring this place.
 F = Levels seen in this place.
 G = Mean time per level.
                   A        B        C        D        E       F      G
               +--------+--------+--------+--------+--------+-----+--------+
         Total |   1138 |   1057 |     81 |    137 |    434 |   4 |  284.5 |
       Dungeon |    694 |    613 |     81 |      0 |    268 |   3 |  231.3 |
       Ossuary |    444 |    444 |      0 |    137 |    166 |   1 |  444.0 |
               +--------+--------+--------+--------+--------+-----+--------+

Top non-repeatable levels by time:
 Ossuary: 444 daAuts
     D:4: 320 daAuts
     D:5: 255 daAuts
     D:6: 118 daAuts
